 Dungeon Crawl Stone Soup version 0.31-a0-229-g1fc7ce93e2 (webtiles) character file.

Game seed: 7431646559741043058

13 qw the Shooter (level 2, -2/23 HPs)
             Began as a Minotaur Hexslinger on July 6, 2023.
             Succumbed to a goblin's poison
             ... on level 1 of the Dungeon.
             The game lasted 00:00:06 (229 turns).

qw the Shooter (Minotaur Hexslinger)                 Turns: 229, Time: 00:00:07

Health: -2/23      AC:  2    Str: 12    XL:     2   Next: 24%
Magic:  2/2        EV: 12    Int: 10    God:
Gold:   48         SH:  0    Dex: 12    Spells: 2/3 levels left

rFire   . . .        a - +1 sling
rCold   . . .        (no shield)
rNeg    . . .        c - +0 robe
rPois   .            (helmet restricted)
rElec   .            (no cloak)
rCorr   .            (no gloves)
SInv    .            (no boots)
Will    .....        (no amulet)
Stlth   +            (no ring)
HPRegen 0.23/turn    (no ring)
MPRegen 0.08/turn

%: no passive effects
@: lethally poisoned (-2 -> -41)
A: horns 2, retaliatory headbutt
a: no special abilities


You were on level 1 of the Dungeon.
You visited 1 branch of the dungeon, and saw 1 of its levels.

You collected 48 gold pieces.


Innate Abilities, Weirdness & Mutations

You have a pair of horns on your head.
You reflexively headbutt those who attack you in melee.


   Skills:
 + Level 1.6 Fighting
 - Level 3.1 Ranged Weapons
 - Level 2.1 Dodging
 - Level 1.0 Spellcasting
 - Level 2.0 Hexes


You had 2 spell levels left.
You knew the following spells:

 Your Spells              Type           Power      Damage    Failure   Level
a - Slow                  Hex            16%        N/A       16%         1

Your spell library contained the following spells:

 Spells                   Type           Power      Damage    Failure   Level
 Inner Flame              Hex/Fire       2%         N/A       56%         3
 Portal Projectile        Hex/Tloc       4%         N/A       56%         3
 Cause Fear               Hex            2%         N/A       83%         4

Inventory:

Hand Weapons
 a - a +1 sling (weapon)
Armour
 c - a +0 robe (worn)
Scrolls
 b - a scroll of poison
Potions
 d - a potion of heal wounds {unknown}

Dungeon Overview and Level Annotations

Branches:
Dungeon (1/15)

Altars:


Message History

The bat barely misses you.
You shoot a sling bullet. The sling bullet hits the bat.
The bat is severely wounded.
The bat completely misses you. The bat hits you but does no damage.
The bat hits you.
You shoot a sling bullet. The sling bullet barely misses the bat.
The bat completely misses you.
You shoot a sling bullet. The sling bullet barely misses the bat.
The bat barely misses you. You furiously retaliate!
You headbutt the bat.
You kill the bat!
You start resting.
HP restored.
You see here a frilled lizard corpse.
You now have 48 gold pieces (gained 9).
You see here a frilled lizard corpse.
A goblin comes into view. It is wielding a +0 dagger of venom.
The goblin shouts!
Enter note: You shoot a sling bullet.
The sling bullet hits the goblin.
The goblin is moderately wounded.
The goblin barely misses you.
You shoot a sling bullet.
The sling bullet closely misses the goblin.
The goblin hits you but does no damage.
You are poisoned.
You shoot a sling bullet.
The sling bullet closely misses the goblin.
You feel very sick.
The goblin hits you with a +0 dagger of venom.
You are lethally poisoned!
You shoot a sling bullet.
The sling bullet barely misses the goblin.
You feel very sick. The goblin hits you but does no damage.
You are more poisoned.
The goblin hits you with a +0 dagger of venom.
You are more poisoned.
You shoot a sling bullet. The sling bullet hits the goblin.
The goblin is severely wounded.
You die...

.........# ...#... .........# ##
#..#... .........### .# #.....#
...........######.##### ##....#
.........###....#.##....##.....##
.........# #.##.#.# #.........
.........# #.#..#.#......##......
####%#######.#.##g#.######...)..#
#.# #...#.#..@.#.# ##........
####.###...#.######.####......#..
....).....##......#.#....#....##.
.........[#######.#.#.#..........
..........##....#.#..............
#########.##.##.#.#.......####...
#########.##.#..#.#.....####...##
#....)..#.##.#.##.#.....#)...####
#..........#.#....#..).......


You could see a goblin.

Vanquished Creatures
  A dart slug (D:1)
  3 bats (D:1)
  An endoplasm (D:1)
  A goblin (D:1)
  2 kobolds (D:1)
  A frilled lizard (D:1)
  A rat (D:1)
10 creatures vanquished.

Notes
Turn   | Place    | Note
-------+----------+-------------------------------------------
     0 | D:1      | qw the Minotaur Hexslinger began the quest for the Orb.
     0 | D:1      | Reached XP level 1. HP: 16/16 MP: 1/1
     0 | D:1      | 0 ||| qw: Version: 0.3-a-46-gb1f654a
     0 | D:1      | 0 ||| qw: Game counter: 1207
     0 | D:1      | 0 ||| qw: Melee chars always use a shield: true
     0 | D:1      | 0 ||| qw: God list: Okawaru
     0 | D:1      | 0 ||| qw: Allow faded altars: false
     0 | D:1      | 0 ||| qw: Do Orc after clearing Dungeon:15 true
     0 | D:1      | 0 ||| qw: Do second Lair branch before Depths: true
     0 | D:1      | 0 ||| qw: Lair rune preference: random
     0 | D:1      | 0 ||| qw: Goals: Normal
     0 | D:1      | 0 ||| PLANNING D:1-11
   132 | D:1      | Reached skill level 3 in Ranged Weapons
   132 | D:1      | Reached XP level 2. HP: 22/23 MP: 2/2
   229 | D:1      | Succumbed to a goblin's poison

Levels and vault maps discovered:
D:1:      spicycebolla_green_bress_n_ham, layout_rooms, patterned_corridor

Skill      XL: |  1 |
---------------+----+-----
Ranged Weapons | 3 |  3.1
Fighting       | |  1.6
Dodging        | |  2.1
Spellcasting   | |  1.0
Hexes          | |  2.0

Action                     || total
---------------------------++-------
   Fire: Sling             ||    31
 Armour: Robe              ||     9
  Dodge: Dodged            ||     9

Table legend:
 A = Non-vault XP
 B = Vault XP
 C = Vault XP percentage of total XP
 D = Non-vault monster count
 E = Vault monster count
 F = Vault count percentage of total count
                 A         B        C        D         E       F
            +---------+---------+-------+---------+---------+-------
      Total |      19 |       0 |   0.0 |      10 |       0 |   0.0
            +---------+---------+-------+---------+---------+-------
        D:1 |      19 |       0 |   0.0 |      10 |       0 |   0.0
            +---------+---------+-------+---------+---------+-------
